 Dungeon Crawl Stone Soup version 0.21.1-1-g345015fe64 (webtiles) character file.

7584 Jerry the Cleaver (level 10, -3/74 HPs)
             Began as a Demonspawn Chaos Knight on Feb 11, 2018.
             Slain by an ice devil (11 damage)
             ... in an ice cave.
             The game lasted 00:39:55 (9779 turns).

Jerry the Cleaver (Demonspawn Chaos Knight)         Turns: 9779, Time: 00:39:55

Health: -3/74      AC: 17    Str: 15    XL:     10   Next: 97%
Magic:  11/11      EV:  7    Int: 17    God:    Xom [.*....]
Gold:   602        SH: 10    Dex: 16    Spells: 1/9 levels left

rFire    + + +     SeeInvis .   q - +10 hand axe of Ekiteff {venom, +Inv rF+ rC+ Dex+4}
rCold    + . .     Gourm    .   (no shield)
rNeg     . . .     Faith    .   d - +2 chain mail {rF+}
rPois    .         Spirit   .   (helmet restricted)
rElec    .         Reflect  +   M - +2 cloak
rCorr    +         Harm     .   (no gloves)
MR       .....                  B - +0 pair of boots
Stlth    ..........             C - +4 amulet of reflection
HPRegen  1.22/turn              r - ring of resist corrosion
MPRegen  0.12/turn              L - ring of protection from fire

@: no status effects
A: hooves 1, horns 1, large bone plates 2, clever 1, deterioration 1, fire
resistance 1, frail 1, foul stench 1, high mp 1, powered by death 1, rot
immunity
a: Renounce Religion, Evoke Invisibility


You were in an ice cave.
You worshipped Xom.
You were a plaything of Xom.
You were not hungry.

You visited 3 branches of the dungeon, and saw 11 of its levels.
You also visited: Sewer and Ice Cave.

You collected 602 gold pieces.

Inventory:

Hand Weapons
 q - the +10 hand axe of Ekiteff (weapon) {venom, +Inv rF+ rC+ Dex+4}
   (You acquired it on level 5 of the Dungeon)

   It poisons the flesh of those it strikes.
   It affects your dexterity (+4).
   It protects you from fire.
   It protects you from cold.
   It lets you turn invisible.
 F - a +0 whip of freezing
Missiles
 m - 4 poisoned tomahawks (quivered)
Armour
 b - a +2 leather armour
 d - a +2 chain mail of fire resistance (worn)
 y - a +2 helmet
 B - a +0 pair of boots (worn)
 M - a +2 cloak (worn)
Jewellery
 r - a ring of resist corrosion (left hand)
 C - a +4 amulet of reflection (around neck)
 L - a ring of protection from fire (right hand)
 Q - an uncursed amulet of regeneration {unknown}
Wands
 h - a wand of flame (88)
 z - a wand of acid (6)
 A - a wand of paralysis (12)
 D - a wand of random effects (29)
 G - a wand of iceblast (9)
 H - a wand of digging (13)
 I - a wand of enslavement (22)
 R - a wand of polymorph (11)
Scrolls
 g - 2 scrolls of remove curse
 i - 3 scrolls of teleportation
 p - 2 scrolls of identify
 t - a scroll of enchant armour
 K - a scroll of enchant weapon
 N - 2 scrolls of amnesia
 P - a scroll of fear
Potions
 a - a potion of lignification
 e - 2 potions of ambrosia
 f - 2 potions of magic
 j - 3 potions of cancellation
 k - 4 potions of flight
 n - 2 potions of mutation
 o - 2 potions of agility
 s - 7 potions of curing
 u - 4 potions of haste
 v - 3 potions of heal wounds {unknown}
 w - 2 potions of brilliance {unknown}
 x - a potion of might
 E - a potion of resistance {unknown}
 J - a potion of berserk rage {unknown}
 O - 3 potions of degeneration {unknown}
Comestibles
 c - 17 rations


   Skills:
 + Level 9.1 Fighting
 * Level 11.1 Axes
 + Level 8.0 Armour
 - Level 1.4 Dodging


You had one spell level left.
You knew the following spells:

 Your Spells              Type           Power        Failure   Level  Hunger
a - Animate Skeleton      Necr           N/A          98%         1    ##.....
b - Regeneration          Chrm/Necr      #.........   100%        3    ####...
c - Animate Dead          Necr           N/A          100%        4    #####..


Dungeon Overview and Level Annotations

Branches:
Dungeon (9/15)             Temple (1/1) D:6            Lair (1/6) D:9
    Orc: D:9-12

Altars:
Ashenzari
Cheibriados
Dithmenos
Elyvilon
Fedhas
Gozag
Hepliaklqana
Kikubaaqudgha
Makhleb
Nemelex Xobeh
Okawaru
Qazlal
Ru
Sif Muna
Trog
Uskayaw
Vehumet
Wu Jian
Xom
Yredelemnul
Zin
The Shining One

Annotations:
D:8 exclusion: ice statue


Innate Abilities, Weirdness & Mutations

You have large cloven feet.
You are mostly covered in large bone plates. (SH +6)
You may emit foul miasma when damaged in melee.
You regenerate a little health from kills.
You are immune to rotting.
You have a pair of small horns on your head.
Your mind is acute. (Int +2)
Your body sometimes deteriorates upon taking damage.
Your flesh is heat resistant. (rF+)
You are frail. (-10% HP)
You have an increased reservoir of magic. (+10% MP)


Message History

The ice devil freezes you. You resist.
You hit the ice devil but do no damage. Your headbutt misses the ice devil.
The ice devil is severely wounded.
You hit the ice devil but do no damage.
The ice devil looks as sick as possible!
The ice devil hits you!
* * * LOW HITPOINT WARNING * * *
The ice devil freezes you. You resist.
* * * LOW HITPOINT WARNING * * *
The ice devil hits you but does no damage.
You hit the ice devil but do no damage.
The ice devil is severely wounded.
You completely miss the ice devil. The ice devil barely misses you.
You hit the ice devil.
You kill the ice devil!
You hit the ice devil but do no damage. The ice devil hits you.
* * * LOW HITPOINT WARNING * * *
The ice devil freezes you! You resist.
You die...
Xom cackles wildly!

#..4#
##...#
#...##
#...##
##...#
##...##
##.....##
#...4§..#
#...∩@..#
##.....##
##.).##
#####


You could see an ice devil.

Vanquished Creatures
  Harold (Lair:1)
  Pikel (D:6)
  A spiny frog (Lair:1)
  A komodo dragon (Lair:1)
  2 rime drakes (Lair:1)
  An ice devil (IceCv)
  A hornet (D:9)
  Grinder (D:6)
  A hippogriff (D:8)
  A hungry ghost (D:9)
  A porcupine (Lair:1)
  3 water moccasins
  2 slaves (D:6)
  A black bear (D:8)
  An orc warrior (D:8)
  An ice beast (D:6)
  A necrophage (D:7)
  2 sky beasts
  5 ogres
  3 wolves (Lair:1)
  4 big kobolds
  4 bullfrogs
  2 scorpions
  3 killer bees (D:8)
  3 wights (D:8)
  5 howler monkeys
  A centaur zombie (D:9)
  5 crimson imps
  A bullfrog zombie (D:4)
  5 hounds
  6 jellies
  3 orc priests
  A gnoll shaman (D:5)
  12 orc wizards
  A centaur skeleton (D:6)
  3 worker ants
  2 iguanas
  2 hound zombies (D:6)
  Robin (D:3)
  7 adders
  A river rat (D:3)
  3 shadow imps
  4 oozes
  3 worms
  2 dart slugs
  9 leopard geckos
  48 orcs
  12 bats
  12 giant cockroaches
  16 goblins
  7 hobgoblins
  13 jackals
  25 kobolds
  2 quokkas
  3 ball pythons
  9 frilled lizards
  A quokka zombie (D:6)
  14 rats
  A fungus (Lair:1)
  A plant (Sewer)
288 creatures vanquished.

Vanquished Creatures (collateral kills)
  A spiny frog (Lair:1)
  A porcupine (Lair:1)
  3 gnolls (D:5)
  An adder (D:5)
  2 orcs
  A kobold (D:1)
  A bat (D:1)
  A frilled lizard (D:1)
  A fungus (Lair:1)
12 creatures vanquished.

Vanquished Creatures (others)
  An orc (D:4)
1 creature vanquished.

Grand Total: 301 creatures vanquished

Notes
Turn   | Place    | Note
-------+----------+-------------------------------------------
     0 | D:1      | Jerry the Demonspawn Chaos Knight began the quest for the Orb.
     0 | D:1      | Reached XP level 1. HP: 18/18 MP: 1/1
     0 | D:1      | Noticed a jelly
     0 | D:1      | Noticed a jelly
     1 | D:1      | Found a runed door.
     7 | D:1      | XOM: potion effect (brilliance)
    11 | D:1      | Reached skill level 1 in Dodging
    99 | D:1      | Gained mutation: You are immune to rotting. [demonic ancestry]
    99 | D:1      | Reached XP level 2. HP: 24/24 MP: 2/2
   261 | D:1      | XOM: cast spell 'Call Canine Familiar'
   524 | D:1      | Reached skill level 3 in Axes
   631 | D:1      | XOM: silly message
   663 | D:2      | Found an opulent altar of Gozag.
   721 | D:2      | Reached XP level 3. HP: 29/29 MP: 3/3
   959 | D:2      | Found a stormy altar of Qazlal.
  1072 | D:2      | XOM: divination: magic mapping
  1573 | D:2      | Gained mutation: You have large cloven feet. [demonic ancestry]
  1573 | D:2      | Reached XP level 4. HP: 16/37 MP: 4/4
  1823 | D:2      | XOM: silly message
  1940 | D:1      | Reached XP level 5. HP: 28/42 MP: 5/5
  2131 | D:3      | Found a hazy altar of Hepliaklqana.
  2141 | D:3      | Reached skill level 4 in Axes
  2258 | D:3      | Noticed Robin
  2278 | D:3      | Killed Robin
  2321 | D:3      | XOM: 11-stop teleportation journey
  2386 | D:3      | Found a white marble altar of Elyvilon.
  2545 | D:3      | Found a glowing drain.
  2549 | Sewer    | Entered a sewer
  2591 | Sewer    | XOM: god gift: 11 stones
  2624 | Sewer    | XOM: enchant monster (good)
  2659 | Sewer    | Gained mutation: You regenerate a little health from kills. [demonic ancestry]
  2659 | Sewer    | Reached XP level 6. HP: 40/49 MP: 6/6
  2823 | Sewer    | XOM: polymorph bat -> leopard gecko
  3060 | D:3      | XOM: confuse monster(s)
  3110 | D:3      | XOM: god gift: 24 stones
  3228 | D:3      | Found an iron altar of Okawaru.
  3231 | D:3      | Found a deep blue altar of Sif Muna.
  3234 | D:3      | Found a glowing silver altar of Zin.
  3530 | D:4      | Got a dazzling helmet
  3539 | D:4      | Identified the cursed +0 helmet of Subjectivity {Regen+ Int-5 Dex+7 Slay-5} (You found it on level 4 of the Dungeon)
  3597 | D:4      | Reached skill level 5 in Axes
  3645 | D:4      | XOM: 3-stop teleportation journey
  3675 | D:4      | Gained mutation: You may emit foul miasma when damaged in melee. [demonic ancestry]
  3675 | D:4      | Reached XP level 7. HP: 55/55 MP: 7/7
  3705 | D:4      | XOM: divination: detect items
  4127 | D:4      | Reached skill level 5 in Fighting
  4313 | D:4      | XOM: harmless Hex miscast
  4492 | D:5      | Entered Level 5 of the Dungeon
  4558 | D:5      | Reached skill level 6 in Axes
  4751 | D:5      | Gained mutation: You are partially covered in large bone plates. (SH +4) [demonic ancestry]
  4751 | D:5      | Reached XP level 8. HP: 63/63 MP: 8/8
  4857 | D:5      | XOM: confuse monster(s)
  4863 | D:5      | XOM: give mutations
  4863 | D:5      | Gained mutation: Armour fits poorly on your strangely shaped body. [Xom's mischief]
  4863 | D:5      | Gained mutation: You are frail. (-10% HP) [Xom's mischief]
  4863 | D:5      | Gained mutation: You occasionally shout uncontrollably at your foes. [Xom's mischief]
  4863 | D:5      | Gained mutation: You are clumsy. (Dex -2) [Xom's mischief]
  5077 | D:5      | You fall through a shaft for 3 floors!
  5077 | D:8      | Noticed a two-headed ogre
  5079 | D:8      | XOM: swap monsters
  5085 | D:8      | XOM: summons friendly white imp
  5113 | D:8      | XOM: 2-stop teleportation journey
  5115 | D:8      | Noticed a hippogriff
  5119 | D:8      | XOM: summons 8 friendly demons
  5125 | D:8      | Killed a hippogriff
  5168 | D:8      | Reached skill level 7 in Axes
  5182 | D:8      | XOM: 1-stop teleportation journey
  5184 | D:8      | XOM: 2-stop teleportation journey
  5285 | D:6      | XOM: swap monsters
  5297 | D:6      | Reached skill level 5 in Armour
  5355 | D:6      | Noticed Grinder
  5368 | D:6      | Paralysed by Grinder for 6 turns
  5370 | D:6      | XOM: summons friendly shadow imp
  5381 | D:6      | Killed Grinder
  5386 | D:6      | XOM: 1-stop teleportation journey
  5851 | D:5      | Identified a scroll of acquirement
  5852 | D:5      | Got a faintly glowing hand axe
  5853 | D:5      | Identified the +10 hand axe of Ekiteff {venom, +Inv rF+ rC+ Dex+4} (You acquired it on level 5 of the Dungeon)
  6041 | D:6      | Found a staircase to the Ecumenical Temple.
  6050 | Temple   | Entered the Ecumenical Temple
  6138 | Temple   | XOM: mild Summ miscast
  6167 | Temple   | XOM: 1-stop teleportation journey
  6404 | D:6      | Noticed Pikel
  6419 | D:6      | Killed Pikel
  6419 | D:6      | Reached skill level 8 in Axes
  6419 | D:6      | Reached XP level 9. HP: 58/63 MP: 9/9
  6617 | D:6      | XOM: give mutations
  6617 | D:6      | Gained mutation: Your body sometimes deteriorates upon taking damage. [Xom's mischief]
  6617 | D:6      | Lost mutation: Armour fits poorly on your strangely shaped body. [Xom's mischief]
  6617 | D:6      | Lost mutation: You occasionally shout uncontrollably at your foes. [Xom's mischief]
  6660 | D:6      | XOM: mild Chrm miscast
  6744 | D:6      | XOM: give mutations
  6744 | D:6      | Gained mutation: You have a pair of small horns on your head. [Xom's grace]
  6744 | D:6      | Gained mutation: Your flesh is heat resistant. (rF+) [Xom's grace]
  6744 | D:6      | Gained mutation: Your mind is acute. (Int +2) [Xom's grace]
  6848 | D:7      | XOM: harmless Conj miscast
  6867 | D:7      | Learned a level 1 spell: Animate Skeleton
  6941 | D:7      | Found a sparkling altar of Nemelex Xobeh.
  7127 | D:7      | XOM: give mutations
  7127 | D:7      | Gained mutation: You have an increased reservoir of magic. (+10% MP) [Xom's mischief]
  7127 | D:7      | Lost mutation: You are clumsy. (Dex -2) [Xom's mischief]
  7316 | D:8      | Noticed an ice statue
  7495 | D:8      | XOM: summons friendly ufetubus
  7499 | D:8      | Reached skill level 9 in Axes
  7580 | D:8      | XOM: summons 3 hostile shadow creatures
  8455 | D:8      | Learned a level 3 spell: Regeneration
  8461 | D:8      | Learned a level 4 spell: Animate Dead
  8563 | D:9      | Gained mutation: You are mostly covered in large bone plates. (SH +6) [demonic ancestry]
  8563 | D:9      | Reached XP level 10. HP: 72/72 MP: 11/11
  8729 | D:9      | Found a shadowy altar of Dithmenos.
  8787 | D:9      | XOM: summons 5 hostile demons
  8923 | D:9      | Reached skill level 10 in Axes
  9168 | D:9      | Found a staircase to the Lair.
  9265 | D:9      | XOM is BORED!
  9270 | Lair:1   | Entered Level 1 of the Lair of Beasts
  9286 | Lair:1   | Noticed a spiny frog
  9286 | Lair:1   | XOM: harmless Tloc miscast
  9288 | Lair:1   | XOM: repel stairs
  9295 | Lair:1   | XOM: summons 5 friendly demons
  9299 | Lair:1   | Killed a spiny frog
  9342 | Lair:1   | XOM: summons friendly shadow imp
  9348 | Lair:1   | XOM: harmless Conj miscast
  9381 | Lair:1   | Noticed Harold
  9396 | Lair:1   | Killed Harold
  9442 | Lair:1   | Noticed a spiny frog
  9450 | Lair:1   | XOM: cast spell 'Metabolic Englaciation'
  9456 | Lair:1   | XOM: enchant monster (good)
  9456 | Lair:1   | Killed a spiny frog
  9460 | Lair:1   | Reached skill level 11 in Axes
  9540 | Lair:1   | Found a frozen archway.
  9549 | IceCv    | Entered an ice cave
  9691 | IceCv    | XOM: god gift: arbalest {god gift}
  9779 | IceCv    | Slain by an ice devil

Skill      XL: |  1  2  3  4  5  6  7  8  9 10 |
---------------+-------------------------------+-----
Dodging        | 1 |  1.4
Armour         | 2 3 4 5 6 8 |  8.0
Axes           | 3 4 5 6 8 9 11 | 11.1
Fighting       | 4 5 6 7 9 |  9.1

Action                   |  1- 3 |  4- 6 |  7- 9 | 10-12 || total
-------------------------+-------+-------+-------+-------++-------
Melee: Hand axe          |   109 |   248 |   368 |   130 ||   855
       Kick              |       |    61 |     6 |       ||    67
       Headbutt          |       |       |    20 |    25 ||    45
Evoke: Wand              |       |       |       |     6 ||     6
  Use: Scroll            |       |    10 |     6 |     5 ||    21
       Potion            |       |       |     2 |       ||     2
 Stab: Petrified         |     2 |     4 |     4 |       ||    10
       Confused          |       |     1 |     5 |       ||     6
       Petrifying        |       |       |     1 |       ||     1
       Paralysed         |       |       |     3 |     3 ||     6
       Sleeping          |       |       |     1 |       ||     1
       Distracted        |       |       |     1 |     1 ||     2
  Eat: Chunk             |     2 |     7 |    16 |     5 ||    30
Armor: Leather armour    |    44 |    66 |       |       ||   110
       Chain mail        |       |    30 |   173 |    51 ||   254
Dodge: Dodged            |    70 |   112 |    75 |    23 ||   280
Block: Other             |       |       |    89 |    53 ||   142
       Reflection        |       |       |     7 |       ||     7
